 Dungeon Crawl Stone Soup version 0.31-a0-986-g5e6e4ef867 (webtiles) character file.

Game seed: 218885772257208678

277 Midn8 the Stinger (level 6, -5/44 HPs)
             Began as a Gnoll Venom Mage on Nov 6, 2023.
             Killed by nerve-wracking pain
             ... invoked by Grinder
              (14 damage)
             ... on level 3 of the Dungeon.
             The game lasted 00:08:25 (2721 turns).

Midn8 the Stinger (Gnoll Venom Mage)                Turns: 2721, Time: 00:08:27

Health: -5/44      AC:  4    Str:  5 (8)  XL:     6   Next: 26%
Magic:  6/14       EV: 13    Int: 21 (22) God:
Gold:   66         SH:  0    Dex: 10 (12) Spells: 5/15 levels left

rFire   . . .        s - +3 quarterstaff (chaos)
rCold   . . .        (shield currently unavailable)
rNeg    . . .        a - +0 robe
rPois   .            (no helmet)
rElec   .            t - +0 cloak
rCorr   .            (no gloves)
SInv    .            i - +0 pair of boots
Will    .....        (no amulet)
Stlth   ++           k - +6 ring of intelligence
HPRegen 0.27/turn    g - ring of wizardry
MPRegen 0.14/turn

%: wizardry (x1)
@: no status effects
A: fangs 1, strong nose, distributed training
a: no special abilities


You were on level 3 of the Dungeon.
You visited 1 branch of the dungeon, and saw 3 of its levels.

You collected 66 gold pieces.

Inventory:

Hand Weapons
 f - a +0 whip
 l - a +0 dagger of venom
 m - a +0 sling
 s - a +3 quarterstaff of chaos (weapon)
Armour
 a - a +0 robe (worn)
 i - a +0 pair of boots (worn)
 t - a +0 cloak (worn)
Jewellery
 g - a ring of wizardry (right hand)
 k - a +6 ring of intelligence (left hand)
Wands
 r - a wand of flame (15)
Scrolls
 c - 2 scrolls of vulnerability {unknown}
 d - a scroll of noise {unknown}
 e - a scroll of enchant armour {unknown}
 j - a scroll of teleportation {unknown}
 p - a scroll of identify {unknown}
 w - a scroll of revelation {unknown}
Potions
 b - a potion of magic
 h - a potion of curing {unknown}
 n - a potion of degeneration
 o - a potion of berserk rage {unknown}
 q - a potion of ambrosia {unknown}
 u - a potion of attraction {unknown}
 v - a potion of mutation {unknown}


   Skills:
 + Level 1.9 Fighting
 + Level 1.9 Short Blades
 + Level 1.9 Long Blades
 + Level 1.9 Axes
 + Level 1.9 Maces & Flails
 + Level 1.9 Polearms
 + Level 1.9 Staves
 + Level 1.9 Ranged Weapons
 + Level 1.9 Throwing
 + Level 1.9 Armour
 + Level 5.0 Dodging
 + Level 4.6 Stealth
 + Level 1.9 Shields
 + Level 1.9 Unarmed Combat
 + Level 5.3 Spellcasting
 + Level 1.5 Conjurations
 + Level 1.5 Hexes
 + Level 1.5 Summonings
 + Level 1.5 Necromancy
 + Level 1.5 Translocations
 + Level 2.6 Transmutations
 + Level 1.5 Fire Magic
 + Level 1.5 Ice Magic
 + Level 1.5 Air Magic
 + Level 1.5 Earth Magic
 + Level 5.6 Poison Magic
 + Level 2.1 Invocations
 + Level 1.9 Evocations
 + Level 1.7 Shapeshifting


You had 5 spell levels left.
You knew the following spells:

 Your Spells              Type           Power      Damage    Failure   Level
a - Sting                 Tmut/Pois      92%        1d7       1%          1
c - Mephitic Cloud        Conj/Pois/Air  17%        N/A       4%          3
g - Olgreb's Toxic Radia  Pois           29%        N/A       4%          4
v - Poisonous Vapours     Pois/Air       40%        N/A       1%          2

Your spell library contained the following spells:

 Spells                   Type           Power      Damage    Failure   Level
 Volatile Blastmotes      Fire/Tloc      24%        2d12      7%          3
 Fulminant Prism          Conj/Hex       6%         3d7       22%         4
 Iskenderun's Mystic Bla  Conj/Tloc      12%        2d5       22%         4


Dungeon Overview and Level Annotations

Branches:
Dungeon (3/15)

Altars:

Annotations:
D:3 Grinder


Innate Abilities, Weirdness & Mutations

You have very sharp teeth.
Your uncanny sense of smell can sniff out nearby items.
Your experience applies equally to all skills.


Message History

Press: ? - help, Shift-Dir - straight line, f/p - Grinder
Aim: Grinder (lightly wounded, very poisoned, 73% to hit)
The sting hits Grinder.
Grinder partially resists.
Grinder looks even sicker.
Grinder is lightly wounded.
Grinder closely misses you.
Unknown command.
Casting: Sting (safe; 1% risk of failure)
Confirm with . or Enter, or press ? or * to list all spells.
Aiming: Sting (safe; 1% risk of failure)
Press: ? - help, Shift-Dir - straight line, f/p - Grinder
Aim: Grinder (lightly wounded, very poisoned, 73% to hit)
The sting hits Grinder.
Grinder partially resists.
Grinder is lightly wounded.
Grinder blinks!
Unknown command.
You closely miss Grinder.
Grinder is lightly wounded.
Grinder hits you!
You writhe in agony.
Grinder closely misses you.
Unknown command.
Unknown command.
Okay, then.
Casting: Sting (safe; 1% risk of failure)
Confirm with . or Enter, or press ? or * to list all spells.
Aiming: Sting (safe; 1% risk of failure)
Press: ? - help, Shift-Dir - straight line, f/p - Grinder
Aim: Grinder (lightly wounded, very poisoned, 73% to hit)
The sting hits Grinder.
Grinder partially resists.
Grinder is lightly wounded.
Grinder hits you.
* * * LOW HITPOINT WARNING * * *
You writhe in agony.
* * * LOW HITPOINT WARNING * * *
Unknown command.
It was a potion of degeneration.
There was something very wrong with that liquid.
You feel weakened.
You feel dopey.
You feel clumsy. Grinder gestures at you. Pain shoots through your body!
You die...
Grinder says, "Now the real fun starts!"

#. ####.## #.
...# #.##..####
#)..#....#
#.....##.#
#......#.#####
####............#
$......@5##.###.#
####.##.###.# #.#
# #.# #.# #.# ...
..# #.# #$.. ###
#.# ..... #.###
...... #.#.##
....... ###)...##
+.......##


You could see Grinder (very poisoned).

Vanquished Creatures
  Sigmund (D:2)
  Crazy Yiuf (D:2)
  2 adders
  3 dart slugs
  6 bats
  2 endoplasms
  A giant cockroach (D:1)
  11 goblins
  4 hobgoblins
  3 jackals (D:1)
  A quokka (D:1)
  4 ball pythons
  5 frilled lizards
  7 kobolds
  5 rats
56 creatures vanquished.

Notes
Turn   | Place    | Note
-------+----------+-------------------------------------------
     0 | D:1      | Midn8 the Gnoll Venom Mage began the quest for the Orb.
     0 | D:1      | Reached XP level 1. HP: 13/13 MP: 6/6
   253 | D:1      | Reached XP level 2. HP: 19/19 MP: 5/7
   315 | D:1      | Learned a level 2 spell: Poisonous Vapours
   787 | D:1      | Reached XP level 3. HP: 25/25 MP: 5/9
   789 | D:1      | Reached skill level 5 in Spellcasting
  1178 | D:1      | Reached skill level 1 in Invocations
  1460 | D:1      | Learned a level 3 spell: Mephitic Cloud
  1673 | D:2      | Reached skill level 1 in Fighting
  1673 | D:2      | Reached skill level 1 in Short Blades
  1673 | D:2      | Reached skill level 1 in Long Blades
  1673 | D:2      | Reached skill level 1 in Axes
  1673 | D:2      | Reached skill level 1 in Maces & Flails
  1673 | D:2      | Reached skill level 1 in Polearms
  1673 | D:2      | Reached skill level 1 in Staves
  1673 | D:2      | Reached skill level 1 in Ranged Weapons
  1673 | D:2      | Reached skill level 1 in Throwing
  1673 | D:2      | Reached skill level 1 in Armour
  1673 | D:2      | Reached skill level 1 in Shields
  1673 | D:2      | Reached skill level 1 in Unarmed Combat
  1673 | D:2      | Reached skill level 1 in Evocations
  1824 | D:2      | Noticed Sigmund
  1843 | D:2      | Killed Sigmund
  1844 | D:2      | Reached skill level 1 in Conjurations
  1844 | D:2      | Reached skill level 1 in Hexes
  1844 | D:2      | Reached skill level 1 in Summonings
  1844 | D:2      | Reached skill level 1 in Necromancy
  1844 | D:2      | Reached skill level 1 in Translocations
  1844 | D:2      | Reached skill level 1 in Fire Magic
  1844 | D:2      | Reached skill level 1 in Ice Magic
  1844 | D:2      | Reached skill level 1 in Air Magic
  1844 | D:2      | Reached skill level 1 in Earth Magic
  1844 | D:2      | Reached skill level 1 in Shapeshifting
  1844 | D:2      | Reached XP level 4. HP: 31/33 MP: 6/11
  1844 | D:2      | Reached XP level 5. HP: 36/38 MP: 6/12
  1895 | D:2      | Learned a level 4 spell: Olgreb's Toxic Radiance
  1963 | D:2      | Reached XP level 6. HP: 44/44 MP: 6/13
  2152 | D:2      | Found a runed translucent door.
  2153 | D:2      | Noticed Crazy Yiuf
  2167 | D:2      | Killed Crazy Yiuf
  2646 | D:3      | Reached skill level 5 in Dodging
  2713 | D:3      | Noticed Grinder
  2721 | D:3      | Killed from afar by Grinder

Illustrated notes

Levels and vault maps discovered:
D:1:      dpeg_arrival_refuge, layout_basic, roderic_malta_cross
D:2:      minmay_wonky_spiral, layout_loops_ring, uniq_crazy_yiuf_cottage,
          uniq_sigmund
D:3:      layout_loops_corners, serial_shops, nicolae_shop_trees,
          shapermc_ecumenical_altar_pompeii, uniq_grinder

Skill      XL: |  1  2  3  4  5  6 |
---------------+-------------------+-----
Transmutations | 2 |  2.6
Spellcasting   | 5 |  5.3
Invocations    | 2 |  2.1
Fighting       | 1 |  1.9
Short Blades   | 1 |  1.9
Long Blades    | 1 |  1.9
Axes           | 1 |  1.9
Maces & Flails | 1 |  1.9
Polearms       | 1 |  1.9
Staves         | 1 |  1.9
Ranged Weapons | 1 |  1.9
Throwing       | 1 |  1.9
Armour         | 1 |  1.9
Shields        | 1 |  1.9
Unarmed Combat | 1 |  1.9
Evocations     | 1 |  1.9
Conjurations   | 1 |  1.5
Hexes          | 1 |  1.5
Summonings     | 1 |  1.5
Necromancy     | 1 |  1.5
Translocations | 1 |  1.5
Fire Magic     | 1 |  1.5
Ice Magic      | 1 |  1.5
Air Magic      | 1 |  1.5
Earth Magic    | 1 |  1.5
Shapeshifting  | 1 |  1.7
Dodging        | 5 |  5.0
Stealth        | |  4.6
Poison Magic   | |  5.6

Action                     |  1- 3 |  4- 6 || total
---------------------------+-------+-------++-------
  Melee: Unarmed           |     5 |       ||     5
         Whip              |    15 |       ||    15
         Bite              |     4 |       ||     4
         Dagger            |    20 |     3 ||    23
         Quarterstaff      |       |    11 ||    11
   Cast: Sting             |    20 |     7 ||    27
         Poisonous Vapours |    31 |     8 ||    39
         Olgreb's Toxic Ra |       |     5 ||     5
    Use: Potion            |       |     1 ||     1
   Stab: Sleeping          |       |     2 ||     2
 Armour: Robe              |    21 |     7 ||    28
  Dodge: Dodged            |    27 |     4 ||    31

Table legend: (Time is in decaauts)
 A = Elapsed time spent in this place.
 B = Non-inter-level travel time spent in this place.
 C = Inter-level travel time spent in this place.
 D = Time resting spent in this place.
 E = Time spent auto-exploring this place.
 F = Levels seen in this place.
 G = Mean time per level.
                   A        B        C        D        E       F      G
               +--------+--------+--------+--------+--------+-----+--------+
         Total |   2720 |   2673 |     47 |    882 |   1349 |   3 |  906.7 |
       Dungeon |   2720 |   2673 |     47 |    882 |   1349 |   3 |  906.7 |
               +--------+--------+--------+--------+--------+-----+--------+

Top non-repeatable levels by time:
     D:1: 1459 daAuts
     D:2: 1075 daAuts
     D:3: 184 daAuts
